 Dungeon Crawl Stone Soup version 0.27.1-1-g398f81649c (webtiles) character file.

Game seed: 17239639517298817755

135 Descartes the Sneak (level 4, -1/19 HPs)
             Began as a Felid Transmuter on Sept 11, 2021.
             Succumbed to a kobold brigand's curare-tipped dart
             ... on level 4 of the Dungeon.
             The game lasted 00:08:42 (7466 turns).

Descartes the Sneak (Felid Transmuter)              Turns: 7466, Time: 00:08:42

Health: -1/19      AC:  1    Str:  7    XL:     4   Next: 96%
Magic:  6/8        EV: 19    Int: 14    God:
Gold:   143        SH:  0    Dex: 17    Spells: 5/7 levels left
                                        Lives:  0   Deaths: 1

rFire    . . .     SeeInvis +     - Unarmed
rCold    . . .     Faith    .   (shield unavailable)
rNeg     . . .     Spirit   .   (armour unavailable)
rPois    .         Reflect  .   (helmet unavailable)
rElec    .         Harm     .   (cloak unavailable)
rCorr    .         Rampage  .   (gloves unavailable)
Will     .....                  (boots unavailable)
Stlth    +++.......             (no amulet)
HPRegen  0.06/turn              (no ring)
MPRegen  0.11/turn              (no ring)

@: lethally poisoned (-1 -> -9), appendages, slowed, slow
A: horns 2, very small, claws 1, fangs 3, see invisible, speed 1, shaggy fur 1,
stealthy paws, no weapons or thrown items, no armour, multi-lived
a: End Transformation


You were on level 4 of the Dungeon.
You had temporarily grown beastly horns.
You visited 1 branch of the dungeon, and saw 4 of its levels.

You collected 143 gold pieces.

Inventory:

Scrolls
 c - a scroll of teleportation {unknown}
 e - a scroll of amnesia {unknown}
 f - a scroll of enchant weapon {unknown}
 i - a scroll of magic mapping {unknown}
 j - a scroll of immolation {unknown}
Potions
 a - a potion of lignification
 b - a potion of might
 d - a potion of curing
 g - a potion of ambrosia {unknown}
 h - a potion of haste


   Skills:
 - Level 1.0 Fighting
 + Level 4.2 Dodging
 * Level 4.7 Stealth
 + Level 3.8 Unarmed Combat
 - Level 2.0 Spellcasting
 + Level 3.3 Transmutations
 + Level 0.7 Poison Magic


You had 5 spell levels left.
You knew the following spells:

 Your Spells              Type           Power      Damage    Failure   Level
a - Beastly Appendage     Tmut           20%        N/A       6%          1
b - Sting                 Tmut/Pois      28%        1d4       11%         1

Your spell library contained the following spells:

 Spells                   Type           Power      Damage    Failure   Level
 Wereblood                Tmut           10%        N/A       9%          2
 Poisonous Vapours        Pois/Air       4%         N/A       30%         2
 Spider Form              Tmut/Pois      3%         N/A       30%         3
 Dazzling Flash           Conj/Hex       2%         N/A       56%         3
 Ice Form                 Ice/Tmut       6%         N/A       75%         4
 Olgreb's Toxic Radiance  Pois           3%         N/A       87%         4
 Iskenderun's Mystic Bla  Conj/Tloc      1%         2d3       93%         4
 Starburst                Conj/Fire      0%         6d3       100%        6


Dungeon Overview and Level Annotations

Branches:
Dungeon (4/15)
 Temple: D:4-7

Altars:
Dithmenos
Yredelemnul
Zin

Annotations:
D:3 2 transporters, glosham's ghost, weakling DjEn
D:4 Blork the orc; Eustachio; Grinder


Innate Abilities, Weirdness & Mutations

You have temporarily grown beastly horns.
You have sharp claws.
You have razor-sharp teeth.
You have supernaturally acute eyesight. (SInv)
You cover ground quickly. (Speed+)
You are covered in fur. (AC +1)
Your paws help you pounce on unaware monsters.
You are incapable of wielding weapons or throwing items.
You cannot wear armour.
You gain extra lives every three experience levels.


Message History

The kobold brigand hits you with a +0 club.
Casting: Sting (safe; 11% risk of failure)
Confirm with . or Enter, or press ? or * to list all spells.
Aiming: Sting (safe; 11% risk of failure)
Press: ? - help, Shift-Dir - straight line, f - quokka
Aim: a quokka (56% to hit)
The sting misses the quokka.
The sting hits the kobold brigand.
The kobold brigand is poisoned.
The kobold brigand is moderately wounded.
Casting: Sting (safe; 11% risk of failure)
Confirm with . or Enter, or press ? or * to list all spells.
Aiming: Sting (safe; 11% risk of failure)
Press: ? - help, Shift-Dir - straight line, f/p - quokka
Aim: a quokka (56% to hit)
The sting misses the quokka.
The quokka closely misses you.
Casting: Sting (safe; 11% risk of failure)
Confirm with . or Enter, or press ? or * to list all spells.
You grow a pair of large bovine horns.
The quokka closely misses you.
You closely miss the quokka.
The kobold brigand looks more healthy.
The quokka completely misses you.
You miss the quokka. The quokka misses you. x2
You claw the quokka!
You kill the quokka!
The kobold brigand throws a curare-tipped dart.
The curare-tipped dart hits you.
You are lethally poisoned!
You have difficulty breathing.
You feel yourself slow down.
You feel very sick.
The kobold brigand hits you with a +0 club.
* * * LOW HITPOINT WARNING * * *
You see here a quokka corpse.
You scratch the kobold brigand.
The kobold brigand is severely wounded.
* * * LOW HITPOINT WARNING * * *
You feel very sick. The kobold brigand misses you.
The kobold brigand completely misses you.
You barely miss the kobold brigand.
The kobold brigand is severely wounded.
You die...

##.### #.......## ##
#.# ##.....## # #.#
##...## #.# ####'####
#.# #.......# #.#
#.##.##.# ##.##
#.##.##.#
#...#####.#...#.######
#...K@................
#...#####.#...#.######
##### #.#..##.#
#.......# ###.....#
##.#### #.#
#####.#####
#.........# ##


You could see a kobold brigand.

Vanquished Creatures
  9 adders
  3 gnolls (D:3)
  An ufetubus (D:4)
  An adder skeleton (D:4)
  5 worms
  3 dart slugs
  An orc (D:1)
  12 ball pythons
  2 bats (D:2)
  4 endoplasms
  3 giant cockroaches
  6 hobgoblins
  6 jackals
  10 kobolds
  2 quokkas
  2 frilled lizards (D:1)
  4 goblins
  3 rats
77 creatures vanquished.

Vanquished Creatures (others)
  10 plants (D:2)
10 creatures vanquished.

Grand Total: 87 creatures vanquished

Notes
Turn   | Place    | Note
-------+----------+-------------------------------------------
     0 | D:1      | Descartes the Felid Transmuter began the quest for the Orb.
     0 | D:1      | Reached XP level 1. HP: 9/9 MP: 4/4
   416 | D:1      | Reached skill level 1 in Stealth
   734 | D:1      | Reached XP level 2. HP: 4/12 MP: 6/6
  2547 | D:2      | Reached XP level 3. HP: 15/15 MP: 7/7
  4300 | D:2      | Reached XP level 4. HP: 12/19 MP: 8/8
  5900 | D:3      | Learned a level 1 spell: Sting
  5984 | D:3      | Reached XP level 5. HP: 17/22 MP: 7/9
  6103 | D:2      | Slain by an adder
  6104 | D:2      | Reached XP level 4. HP: 0/19 MP: 8/8
  6146 | D:3      | Found a transporter.
  6150 | D:3      | Noticed glosham's ghost (weakling DjEn)
  6164 | D:3      | Found a transporter.
  6421 | D:3      | Found a shadowy altar of Dithmenos.
  7088 | D:4      | Noticed Grinder
  7104 | D:4      | Noticed Eustachio
  7107 | D:4      | Found a basalt altar of Yredelemnul.
  7192 | D:4      | Noticed Blork the orc
  7404 | D:4      | Found a glowing silver altar of Zin.
  7437 | D:4      | Noticed a kobold brigand
  7466 | D:4      | Succumbed to a kobold brigand's curare-tipped dart

Illustrated notes

Levels and vault maps discovered:
D:1:      onia_arrival_mini_maze_b, layout_loops_corners,
          chequers_serial_rivers_micro_c, minmay_liquid_box, st_stairs_4
D:2:      layout_basic, chequers_big_river, grunt_decor_arrowhead, minmay_tall_x
D:3:      layout_basic, nicolae_dithmenos_the_darkroom,
          gammafunk_ghost_stat_death, kennysheep_cluttered_room, dk_vineyard_3,
          minivault_26
D:4:      layout_loops_corners, general_overflow_altar,
          mainiacjoe_overflow_alcove_1, uniq_eustachio, uniq_blork_the_orc,
          uniq_grinder

Skill      XL: |  1  2  3  4 |
---------------+-------------+-----
Stealth        | 1 2 3 4 |  4.7
Dodging        | 3 4 |  4.2
Transmutations | 3 |  3.3
Fighting       | |  1.0
Unarmed Combat | |  3.8
Spellcasting   | |  2.0
Poison Magic   | |  0.7

Action                   |  1- 3 |  4- 6 || total
-------------------------+-------+-------++-------
Melee: Unarmed           |   133 |    92 ||   225
       Bite              |     8 |     4 ||    12
       Punch             |     5 |     3 ||     8
 Cast: Sting             |       |    16 ||    16
       Beastly Appendage |       |     2 ||     2
  Use: Scroll            |     2 |     2 ||     4
 Stab: Sleeping          |     3 |    14 ||    17
Armor: Skin              |     6 |     2 ||     8
Dodge: Dodged            |   108 |    97 ||   205
